[Event "Titled Tuesday Blitz May 25 2021"]
[White "Maiorov, Nikita"]
[Black "The_filthy"]
[WhiteFideId "13501720"]
[WhiteElo "2440"]
[BlackElo "2422"]
[Result "1-0"]
[Round "09"]
[TimeControl "180+1"]
[Date "2021.05.25"]
[WhiteClock "0:01:28"]
[BlackClock "0:00:17"]

1. d4 d5 2. c4 c6 3. Nc3 Nf6 4. e3 g6 5. Nf3 Bg7 6. Be2 dxc4 7. Bxc4 O-O 8. O-O Bg4 9. Be2 Bxf3 10. Bxf3 Nbd7 11. b4 e5 12. Rb1 Re8 13. b5 e4 14. Be2 Nb6 15. bxc6 bxc6 16. Qc2 Nbd5 17. Na4 Rc8 18. Bd2 Qd6 19. Ba5 h5 20. h3 Bh6 21. Rb3 g5 22. g4 hxg4 23. hxg4 Bf8 24. Nc5 Nd7 25. Nxd7 Qxd7 26. Kg2 Bd6 27. Rh1 Kg7 28. Rh5 f6 29. Qb1 Rh8 30. Rb7 Nc7 31. Rxh8 Rxh8 32. Qxe4 Rh2+ 33. Kg1 Qf7 34. Bxc7 Bxc7 35. Qxc6 1-0


[Site "https://www.chess.com"]

[Event "Titled Tuesday Blitz May 25 2021"]
[White "Makhnev, Denis"]
[Black "Nesterov, Arseniy"]
[WhiteFideId "13707647"]
[BlackFideId "24198455"]
[WhiteElo "2549"]
[BlackElo "2441"]
[Result "1-0"]
[Round "09"]
[TimeControl "180+1"]
[Date "2021.05.25"]
[WhiteClock "0:00:04"]
[BlackClock "0:00:04"]

1. Nf3 d5 2. d4 Nf6 3. Bf4 Bf5 4. e3 e6 5. Bd3 Bg6 6. O-O Bd6 7. Bxd6 cxd6 8. c4 dxc4 9. Bxc4 O-O 10. Nc3 Nbd7 11. Rc1 Rc8 12. Bd3 Qb6 13. Bxg6 hxg6 14. Qe2 Rc6 15. Rc2 Rfc8 16. Rfc1 Qa5 17. h3 Nb6 18. Ne1 Nc4 19. Nd1 d5 20. b3 Nd6 21. Rxc6 Rxc6 22. Rxc6 bxc6 23. Nd3 Nfe4 24. Qc2 Qb6 25. Nc3 Nxc3 26. Qxc3 Ne4 27. Qb4 Qa6 28. Nc1 Kh7 29. f3 Ng3 30. Qe1 Nf5 31. g4 Nh6 32. Qc3 f6 33. a4 Nf7 34. Nd3 Qb6 35. Kf2 Qc7 36. Kg2 e5 37. Nb4 Qa5 38. Na2 Qa6 39. Nc1 exd4 40. Qxd4 Ng5 41. Nd3 Ne6 42. Qc3 Qb6 43. Kf2 c5 44. Ke2 d4 45. Qc4 Qd6 46. f4 dxe3 47. Kxe3 f5 48. g5 Qc6 49. h4 Qd6 50. a5 a6 51. Ne5 Nd4 52. Nd3 Qe7+ 53. Ne5 Nc6 54. Qd5 Nxa5 55. Kd3 c4+ 56. Nxc4 Nxc4 57. bxc4 Qa3+ 58. Kd4 Qb2+ 59. Kc5 a5 60. Kd6 a4 61. c5 a3 62. c6 a2 63. c7 a1=Q 64. c8=Q Qb6+ 65. Qcc6 Qa3+ 66. Kd7 Qaa7+ 67. Ke6 Qe3+ 68. Qe5 Qa2+ 69. Qd5 Qb6+ 70. Qd6 Qxd5+ 71. Kxd5 Qb3+ 72. Ke5 Qe3+ 73. Kd5 Qd3+ 74. Ke6 Qe2+ 75. Kf7 Qc4+ 76. Qe6 Qc7+ 77. Kf8 Qc8+ 78. Kf7 Qb7+ 79. Kf8 Qb4+ 80. Kf7 1-0


[Site "https://www.chess.com"]

[Event "Titled Tuesday Blitz May 25 2021"]
[White "Maly, Alexey"]
[Black "Vlassov, Nikolai"]
[WhiteFideId "14103184"]
[BlackFideId "4103360"]
[WhiteElo "2751"]
[BlackElo "2587"]
[Result "1-0"]
[Round "09"]
[TimeControl "180+1"]
[Date "2021.05.25"]
[WhiteClock "0:00:09"]
[BlackClock "0:00:03"]

1. d4 Nf6 2. c4 Nc6 3. Nf3 e6 4. a3 g6 5. Nc3 Bg7 6. g3 O-O 7. Bg2 d6 8. O-O e5 9. d5 Ne7 10. e4 Nh5 11. Ne1 Bd7 12. Nd3 Qe8 13. Bd2 f5 14. f4 exf4 15. Nxf4 Nxf4 16. Rxf4 fxe4 17. Rxe4 Bf5 18. Re1 Qd7 19. Bg5 Rae8 20. Qd2 Bg4 21. Bh6 Bh3 22. Bxg7 Kxg7 23. Qd4+ Kg8 24. Ne4 Bxg2 25. Kxg2 Qf5 26. Rf1 Nc6 27. Nf6+ Rxf6 28. Qxf6 Re2+ 29. Kg1 Qxf6 30. Rxf6 Ne5 31. Raf1 Rxb2 32. Rf8+ Kg7 33. Rc8 g5 34. Rxc7+ Kg6 35. c5 dxc5 36. d6 g4 37. Rxc5 Nd7 38. Rc7 Ne5 39. Rc5 Nd7 40. Rc4 h5 41. Re4 Rd2 42. Re6+ Kg5 43. Rf2 Rd1+ 44. Kg2 h4 45. gxh4+ Kxh4 46. Rg6 Nc5 47. Rf4 Rd2+ 48. Kg1 Rd1+ 49. Kg2 Rd2+ 50. Kf1 Rxh2 51. Rgxg4+ Kh3 52. Rh4+ Kg3 53. Rxh2 Kxf4 54. Re2 Kf5 55. Re7 b5 56. Rxa7 Ke6 57. Ra5 Kxd6 58. Rxb5 Kc6 59. Rb4 Nd3 60. Rb1 Nc5 61. Ke2 Na4 62. Kd3 Nb6 63. Kd4 Kb7 64. Kc5 Ka6 65. Rxb6+ Ka5 66. Rb4 Ka6 67. Rb5 1-0


[Site "https://www.chess.com"]

[Event "Titled Tuesday Blitz May 25 2021"]
[White "Martinez Alcantara, Jose Eduardo"]
[Black "Khanin, Semen"]
[WhiteFideId "3805662"]
[BlackFideId "4111990"]
[WhiteElo "2690"]
[BlackElo "2521"]
[Result "0-1"]
[Round "09"]
[TimeControl "180+1"]
[Date "2021.05.25"]
[WhiteClock "0:00:05"]
[BlackClock "0:00:14"]

1. e4 g6 2. d4 Bg7 3. Nc3 d6 4. Nf3 Nf6 5. Be2 O-O 6. O-O a6 7. a4 Nc6 8. h3 e6 9. Re1 b6 10. Bf1 Bb7 11. Bf4 Re8 12. Qd2 e5 13. dxe5 dxe5 14. Be3 Qxd2 15. Nxd2 Nd4 16. Rac1 Rad8 17. f3 h5 18. h4 Kh7 19. Ncb1 Bh6 20. Bxh6 Kxh6 21. c3 Ne6 22. b4 g5 23. hxg5+ Kxg5 24. Nc4 Nf4 25. Rcd1 Rxd1 26. Rxd1 h4 27. Kf2 Bc6 28. a5 b5 29. Ne3 N6h5 30. c4 Rb8 31. c5 Ng3 32. Nc3 f5 33. exf5 Nxf5 34. Nxf5 Kxf5 35. Bd3+ Nxd3+ 36. Rxd3 Rg8 37. Rd1 Rg7 38. Rd2 e4 39. Ne2 exf3 40. gxf3 Kf6 41. Nf4 Rd7 42. Rxd7 Bxd7 43. Nd5+ Ke5 44. Nxc7 Bc8 45. Ne8 Kd4 46. Nd6 Bd7 47. f4 Kc3 48. f5 Kxb4 49. f6 Be6 50. c6 Kc5 51. f7 Bxf7 52. Nxf7 Kxc6 53. Ne5+ Kd5 54. Nd7 b4 55. Nf6+ Kd4 56. Ke2 Kc3 57. Nd5+ Kc4 58. Ne3+ Kb3 59. Kd3 h3 60. Ng4 Ka2 61. Nf2 h2 62. Kc4 b3 63. Kc5 b2 64. Kb6 b1=Q+ 65. Kxa6 0-1


[Site "https://www.chess.com"]

[Event "Titled Tuesday Blitz May 25 2021"]
[White "Mikhalevski, Victor"]
[Black "Hasangatin, Ramil"]
[WhiteFideId "2801914"]
[BlackFideId "4122160"]
[WhiteElo "2721"]
[BlackElo "2542"]
[Result "1-0"]
[Round "09"]
[TimeControl "180+1"]
[Date "2021.05.25"]
[WhiteClock "0:02:16"]
[BlackClock "0:02:13"]

1. Nf3 d6 2. d4 Bg4 3. c4 Bxf3 4. exf3 c6 5. Nc3 g6 6. h4 Nf6 7. g3 Bg7 8. Bg2 d5 9. cxd5 Nxd5 10. Qb3 Qb6 11. Nxd5 Qxb3 12. Nc7+ Kd7 13. axb3 Kxc7 14. Bf4+ Kd7 15. O-O-O e6 16. h5 Na6 17. Be5 f6 18. h6 Bxh6+ 19. Rxh6 fxe5 20. dxe5+ Ke7 21. Rdh1 Nc5 22. Rxh7+ 1-0


[Site "https://www.chess.com"]

[Event "Titled Tuesday Blitz May 25 2021"]
[White "Mikhalsky, Vladimir"]
[Black "Morefield, Jason"]
[WhiteFideId "14144352"]
[BlackFideId "30920825"]
[WhiteElo "2280"]
[BlackElo "2171"]
[Result "0-1"]
[Round "09"]
[TimeControl "180+1"]
[Date "2021.05.25"]
[WhiteClock "0:00:16"]
[BlackClock "0:01:06"]

1. c4 e6 2. g3 d5 3. Bg2 Nf6 4. Nf3 Be7 5. O-O O-O 6. b3 c5 7. Bb2 d4 8. e3 Nc6 9. exd4 cxd4 10. Re1 Ne8 11. Na3 f6 12. Rc1 e5 13. c5 Be6 14. Nb5 Bf7 15. Nh4 a6 16. Na3 Qd7 17. Nc4 Bxc5 18. Nxe5 Nxe5 19. Rxc5 Nd3 20. Ba3 Nxe1 21. Qxe1 Nd6 22. Qa1 Rfe8 23. Nf3 Ne4 24. Rc1 Rad8 25. Bb2 d3 26. Re1 Bd5 27. Re3 Nc5 28. b4 Rxe3 29. fxe3 Ne6 30. Nd4 Bxg2 31. Kxg2 Qd5+ 32. Kf2 Ng5 33. Qf1 Qxa2 34. Bc3 Ne4+ 35. Kf3 Nxd2+ 36. Bxd2 Qxd2 37. Ke4 Re8+ 38. Kd5 Re5+ 39. Kc4 b5+ 40. Kb3 Qxe3 41. Qa1 d2+ 42. Kc2 Qe1 43. Qa2+ Kf8 0-1


[Site "https://www.chess.com"]

[Event "Titled Tuesday Blitz May 25 2021"]
[White "Mortazavi, Ali"]
[Black "Kosteniuk, Alexandra"]
[WhiteFideId "401323"]
[BlackFideId "4128125"]
[WhiteElo "2533"]
[BlackElo "2702"]
[Result "0-1"]
[Round "09"]
[TimeControl "180+1"]
[Date "2021.05.25"]
[WhiteClock "0:00:13"]
[BlackClock "0:00:13"]

1. Nf3 Nf6 2. g3 d5 3. Bg2 b5 4. O-O Bb7 5. c3 Nbd7 6. a4 a6 7. Na3 c6 8. d4 e6 9. Nc2 g6 10. axb5 axb5 11. Rxa8 Qxa8 12. Bf4 Bg7 13. Bd6 Ne4 14. Ba3 c5 15. dxc5 Nexc5 16. Nfd4 Qa4 17. h4 O-O 18. h5 e5 19. Nf3 Qg4 20. hxg6 hxg6 21. Ne3 Qe6 22. Ng5 Qe7 23. Bxd5 Bxd5 24. Qxd5 Qxg5 25. Bxc5 Nxc5 26. Qxc5 Rb8 27. Rd1 Qh5 28. g4 Qh4 29. Qc7 Rf8 30. Qd7 Bh6 31. Nd5 Bg5 32. Rd3 Rd8 33. Qc6 Qxg4+ 34. Kf1 Qh4 35. e3 Qh1+ 36. Ke2 Qh5+ 37. Kd2 Kg7 38. Kc2 Qf3 39. Rd2 Qe4+ 40. Kb3 Qa4# 0-1


[Site "https://www.chess.com"]

[Event "Titled Tuesday Blitz May 25 2021"]
[White "Najdin, Danil"]
[Black "Romanchuk, Viktor"]
[WhiteFideId "4172426"]
[BlackFideId "14109271"]
[WhiteElo "2193"]
[BlackElo "2242"]
[Result "0-1"]
[Round "09"]
[TimeControl "180+1"]
[Date "2021.05.25"]
[WhiteClock "0:00:03"]
[BlackClock "0:00:59"]

1. e4 e6 2. d4 d5 3. Nd2 dxe4 4. Nxe4 Nd7 5. Bd3 Ngf6 6. Nf3 c5 7. O-O Nxe4 8. Bxe4 Nf6 9. Bg5 cxd4 10. Nxd4 Be7 11. Bxf6 Bxf6 12. Nb5 O-O 13. c3 Qb6 14. a4 a6 15. Na3 Qxb2 16. Nc4 Qxc3 17. Rc1 Qb4 18. Qc2 g6 19. Rb1 Qc5 20. Nb6 Qxc2 21. Bxc2 Rb8 22. Rfd1 Bd8 23. a5 e5 24. Be4 Be6 25. h4 Bxh4 26. Nd7 Bxd7 27. Rxd7 Bd8 28. Rbxb7 Rxb7 29. Rxb7 Bxa5 30. Ra7 Rd8 31. Rxa6 Bc3 32. g4 h6 33. Ra2 Kg7 34. Kg2 Rd4 35. Kf3 f5 36. gxf5 gxf5 37. Ra7+ Kf6 0-1


[Site "https://www.chess.com"]

[Event "Titled Tuesday Blitz May 25 2021"]
[White "Nazaretyan, Tigran"]
[Black "Rozhkov, Viacheslav"]
[WhiteFideId "24162345"]
[BlackFideId "4181484"]
[WhiteElo "2247"]
[BlackElo "2324"]
[Result "1-0"]
[Round "09"]
[TimeControl "180+1"]
[Date "2021.05.25"]
[WhiteClock "0:00:24"]
[BlackClock "0:00:20"]

1. d4 d5 2. c4 dxc4 3. e3 e6 4. Bxc4 Nf6 5. Nf3 a6 6. a4 c5 7. O-O Nbd7 8. Qe2 cxd4 9. exd4 Bd6 10. Ne5 O-O 11. Nd2 Nd5 12. Ndf3 N7f6 13. Bg5 h6 14. Bh4 Be7 15. a5 Bd7 16. Rfc1 Rc8 17. Nxd7 Qxd7 18. Ne5 Qd6 19. Bg3 Qb4 20. Nd3 Qxc4 21. Rxc4 Rxc4 22. Nc5 Rxd4 23. Nxb7 Ne4 24. Qxa6 Nxg3 25. hxg3 Rb4 26. Qc6 Rxb2 27. a6 Bf6 28. Ra4 Rb6 29. Qd7 Ra8 30. a7 Rb1+ 31. Kh2 Nb6 32. Qd3 Nxa4 33. Qxb1 Rxa7 34. Nd6 g6 35. Qb8+ 1-0


[Site "https://www.chess.com"]

[Event "Titled Tuesday Blitz May 25 2021"]
[White "Omk124"]
[Black "Cardoso Cardoso, Jose Gabriel"]
[BlackFideId "4430492"]
[WhiteElo "2536"]
[BlackElo "2709"]
[Result "0-1"]
[Round "09"]
[TimeControl "180+1"]
[Date "2021.05.25"]
[WhiteClock "0:00:25"]
[BlackClock "0:00:04"]

1. e4 c5 2. Nf3 d6 3. d4 cxd4 4. Nxd4 Nf6 5. Nc3 a6 6. Be2 e5 7. Nb3 Be7 8. O-O O-O 9. Kh1 b6 10. Be3 Bb7 11. f3 Nbd7 12. a4 Rc8 13. Qe1 Qc7 14. Rd1 Rfd8 15. Qf2 Bf8 16. Rd2 Ra8 17. Rfd1 Bc6 18. Bf1 Qb7 19. Bc4 Qc7 20. Qf1 Bb7 21. Be2 Rdc8 22. Kg1 Qb8 23. Kh1 Rxc3 24. bxc3 Qc7 25. c4 a5 26. c5 bxc5 27. Bb5 Nb6 28. f4 Nxe4 29. fxe5 Nxd2 30. Rxd2 dxe5 31. Qf2 Rc8 32. Nxa5 Bd5 33. Nb3 Be6 34. Qf3 c4 35. Na5 Nxa4 36. Nc6 Nc3 37. Na7 Nxb5 38. Nxb5 Qa5 39. Nd6 Rd8 40. Qc6 Qa1+ 41. Bg1 h6 42. Nxc4 Rc8 43. Qb6 Rxc4 44. Rd8 Rc8 45. Rxc8 Bxc8 46. Qd8 Be6 47. Qc7 e4 48. Qb6 Qc3 49. h3 Qxc2 50. Be3 Qd1+ 51. Kh2 Qd6+ 52. Qxd6 Bxd6+ 53. Kg1 f5 54. Kf2 f4 55. Bd4 g5 56. Ke2 Kf7 57. h4 Kg6 58. hxg5 hxg5 59. g3 Kf5 60. gxf4 gxf4 61. Kf2 Kg4 62. Ke2 Bc4+ 63. Ke1 Kf3 64. Bc3 e3 65. Ba5 Ke4 66. Bb6 f3 67. Kd1 f2 68. Kc2 f1=Q 69. Bxe3 Qd3+ 70. Kb2 Ba3+ 71. Ka1 Qc3+ 72. Kb1 Qb2# 0-1


[Site "https://www.chess.com"]

[Event "Titled Tuesday Blitz May 25 2021"]
[White "Orlov, Oleg"]
[Black "Bortnyk, Olexandr"]
[WhiteFideId "4166612"]
[BlackFideId "14120828"]
[WhiteElo "2571"]
[BlackElo "2953"]
[Result "0-1"]
[Round "09"]
[TimeControl "180+1"]
[Date "2021.05.25"]
[WhiteClock "0:00:01"]
[BlackClock "0:00:03"]

1. Nf3 Nf6 2. c4 b6 3. g3 Bb7 4. Bg2 g6 5. O-O Bg7 6. d4 O-O 7. d5 e6 8. Nc3 exd5 9. Nxd5 c6 10. Nc3 d5 11. cxd5 cxd5 12. Nd4 Nbd7 13. Bf4 Nc5 14. Ndb5 Qd7 15. Rc1 Rad8 16. Bc7 Rc8 17. Be5 Rfe8 18. f4 Ng4 19. Bxg7 Ne3 20. Qd4 Nxf1 21. Rxf1 Ne6 22. Bh3 f5 23. Qf6 Nxg7 24. Nxa7 Re6 25. Qd4 Rc4 26. Qd3 Ba6 27. b3 Rxc3 28. Qxa6 Rc2 29. Rf2 b5 30. Qa5 Rexe2 31. Rxe2 Rxe2 32. Bf1 Rc2 33. Nxb5 d4 34. Bc4+ Kf8 35. Qa8+ Ne8 36. Qf3 Nf6 37. Qd3 Rc1+ 38. Kg2 Ng4 39. Qxd4 Rc2+ 40. Kg1 Qxd4+ 41. Nxd4 Rxa2 42. Ne6+ Ke7 43. Ng5 Nxh2 44. Nxh7 Nf3+ 45. Kf1 Nd2+ 46. Kg1 Ne4 47. Ng5 Nxg3 48. Nf3 Nh5 49. b4 Ra4 50. Ne5 Nxf4 51. Bb5 Ra1+ 52. Kf2 Kd6 53. Nc4+ Kd5 54. Ne3+ Ke5 55. Nc4+ Kd4 56. Nd6 Nd5 0-1


[Site "https://www.chess.com"]

[Event "Titled Tuesday Blitz May 25 2021"]
[White "Ozkan, Ervin"]
[Black "Korkmaz, Necmettin"]
[WhiteFideId "6306004"]
[BlackFideId "6303285"]
[WhiteElo "2226"]
[BlackElo "2094"]
[Result "1-0"]
[Round "09"]
[TimeControl "180+1"]
[Date "2021.05.25"]
[WhiteClock "0:00:48"]
[BlackClock "0:00:55"]

1. d4 d5 2. Nf3 Nf6 3. Bf4 e6 4. e3 Bd6 5. Nbd2 O-O 6. Bd3 c5 7. dxc5 Bxf4 8. exf4 Qa5 9. O-O Qxc5 10. Qe2 Nc6 11. c3 b6 12. Ne5 Bb7 13. Rac1 Rad8 14. Nb3 Qe7 15. Nxc6 Bxc6 16. Nd4 Bb7 17. Rfe1 Ne4 18. Qh5 g6 19. Qh6 Qf6 20. Re3 Rfe8 21. Rce1 Qg7 22. Qxg7+ Kxg7 23. f3 Nd6 24. g4 Rc8 25. Kf2 Red8 26. f5 exf5 27. gxf5 Rc7 28. Re7 Rdc8 29. Ne6+ Kf6 30. Rxc7 1-0


[Site "https://www.chess.com"]

[Event "Titled Tuesday Blitz May 25 2021"]
[White "Papasimakopoulos, Alexandros"]
[Black "Yuan, Qingyu"]
[WhiteFideId "4244125"]
[BlackFideId "8609772"]
[WhiteElo "2352"]
[BlackElo "2359"]
[Result "1-0"]
[Round "09"]
[TimeControl "180+1"]
[Date "2021.05.25"]
[WhiteClock "0:00:18"]
[BlackClock "0:00:02"]

1. d4 Nf6 2. c4 g6 3. Nc3 d5 4. Nf3 Bg7 5. Qb3 dxc4 6. Qxc4 O-O 7. e4 a6 8. Be2 b5 9. Qb3 Bb7 10. e5 Nd5 11. O-O Nxc3 12. bxc3 Bd5 13. c4 bxc4 14. Bxc4 c6 15. Rd1 a5 16. Ba3 Qd7 17. Rab1 a4 18. Qb4 Na6 19. Qc3 Nc7 20. Rb7 Rfb8 21. Rdb1 Nb5 22. Rxb8+ Rxb8 23. Qd3 Rb7 24. Bc5 h6 25. a3 Bf8 26. h3 e6 27. Bxf8 Kxf8 28. Nd2 Kg7 29. Ne4 Bxe4 30. Qxe4 Rc7 31. Bxb5 cxb5 32. Qd3 Rc4 33. Rd1 Qd5 34. Kh2 b4 35. axb4 Rxb4 36. Qe3 Rc4 37. Qf4 Qd8 38. Rd3 a3 39. Rf3 Qd7 40. Rxa3 Rxd4 41. Qf6+ Kh7 42. Ra8 1-0


[Site "https://www.chess.com"]

[Event "Titled Tuesday Blitz May 25 2021"]
[White "Papp, Petra"]
[Black "Woodward, Andy"]
[WhiteFideId "739049"]
[BlackFideId "30953499"]
[WhiteElo "2259"]
[BlackElo "2601"]
[Result "0-1"]
[Round "09"]
[TimeControl "180+1"]
[Date "2021.05.25"]
[WhiteClock "0:00:33"]
[BlackClock "0:00:40"]

1. e4 c5 2. d4 cxd4 3. c3 d3 4. Bxd3 Nc6 5. c4 d6 6. h3 g6 7. Nc3 Bg7 8. Be3 Nf6 9. f4 O-O 10. Nf3 Nd7 11. O-O Nc5 12. Be2 b6 13. Qc2 Bb7 14. Rad1 Rc8 15. a3 Qe8 16. b4 Bxc3 17. Qxc3 Nxe4 18. Qc2 Nf6 19. Nd4 Nxd4 20. Bxd4 d5 21. c5 Ne4 22. f5 bxc5 23. bxc5 Qc6 24. Qc1 f6 25. fxg6 hxg6 26. Qh6 Rf7 27. Bg4 Rcf8 28. Qxg6+ Rg7 29. Qh6 Bc8 30. Bxc8 Qxc8 31. Rf4 e5 32. Bxe5 fxe5 33. Rh4 Qf5 34. c6 Qf2+ 35. Kh2 Qxg2# 0-1


[Site "https://www.chess.com"]

[Event "Titled Tuesday Blitz May 25 2021"]
[White "Perez, Maximiliano"]
[Black "Vaishali, Rameshbabu"]
[WhiteFideId "117234"]
[BlackFideId "5091756"]
[WhiteElo "2368"]
[BlackElo "2313"]
[Result "1-0"]
[Round "09"]
[TimeControl "180+1"]
[Date "2021.05.25"]
[WhiteClock "0:00:05"]
[BlackClock "0:00:01"]

1. e4 c5 2. Nf3 Nf6 3. e5 Nd5 4. Nc3 e6 5. Nxd5 exd5 6. d4 Nc6 7. dxc5 Bxc5 8. Qxd5 Qb6 9. Qd2 O-O 10. Bd3 d6 11. O-O Nxe5 12. Be4 Bg4 13. Qf4 Bxf3 14. Bxf3 Nxf3+ 15. Qxf3 Rae8 16. c3 Re6 17. b4 Bxb4 18. cxb4 Qxb4 19. Be3 b6 20. Rfd1 h6 21. g3 Qc3 22. a4 Rd8 23. Rac1 Qb3 24. Rd4 d5 25. Rc7 Rf6 26. Qd1 Qa3 27. Rxa7 Rc6 28. Rxd5 Rdc8 29. Rd8+ Rxd8 30. Qxd8+ Kh7 31. Rxf7 Qa1+ 32. Kg2 Qxa4 33. Qd7 Qe4+ 34. f3 Qc2+ 35. Kh3 Rg6 36. Qf5 Qc4 37. Kg2 Qe2+ 38. Bf2 Qc4 39. Rd7 Qc5 1-0


[Site "https://www.chess.com"]

[Event "Titled Tuesday Blitz May 25 2021"]
[White "Perrine, Dalton"]
[Black "Petukhov, Dmitry"]
[WhiteFideId "2048434"]
[BlackFideId "4142748"]
[WhiteElo "2556"]
[BlackElo "2356"]
[Result "0-1"]
[Round "09"]
[TimeControl "180+1"]
[Date "2021.05.25"]
[WhiteClock "0:00:01"]
[BlackClock "0:00:13"]

1. Nf3 Nf6 2. g3 g6 3. b3 Bg7 4. Bb2 O-O 5. Bg2 d5 6. c4 c5 7. cxd5 Qxd5 8. Nc3 Qd8 9. Ne5 Nbd7 10. Nc4 Rb8 11. a4 Nb6 12. a5 Nbd5 13. Nxd5 Nxd5 14. Bxg7 Kxg7 15. O-O Nb4 16. Qc1 f6 17. Qc3 Be6 18. d3 Bd5 19. Ne3 Bxg2 20. Kxg2 Qd6 21. Rfc1 Rbc8 22. Qc4 Rfd8 23. h4 Qc6+ 24. Kg1 Rd4 25. Qxd4 cxd4 26. Rxc6 Rxc6 27. Nc4 e5 28. g4 Kf7 29. g5 Ke6 30. gxf6 Kxf6 31. Kg2 Ke6 32. h5 Kd5 33. Rh1 g5 34. h6 Ke6 35. Kg3 Kf5 36. e4+ dxe3 37. Nxe3+ Kg6 38. Rd1 Kxh6 39. Ng4+ Kg7 40. Nxe5 Rc3 41. Kg4 h6 42. f4 Kf6 43. d4 gxf4 44. Kxf4 Rxb3 45. Rh1 Nd5+ 46. Ke4 Nc3+ 47. Kd3 Na2+ 48. Kc4 Rc3+ 49. Kd5 Kg7 50. Ke4 Nb4 51. Rg1+ Kh7 52. Rf1 Nc6 53. Rf7+ Kg8 54. Rxb7 Nxa5 55. Rxa7 Nb3 56. Ng6 Nd2+ 57. Kd5 Rg3 58. Ke5 Rxg6 59. d5 Rg7 60. Ra8+ Kh7 61. d6 Rg5+ 62. Ke6 Rg6+ 63. Ke7 Rg7+ 64. Ke8 Ne4 65. Rd8 Nf6+ 66. Kf8 Kg6 0-1


[Site "https://www.chess.com"]

[Event "Titled Tuesday Blitz May 25 2021"]
[White "Piesik, Piotr"]
[Black "Enriquack"]
[WhiteFideId "1136194"]
[WhiteElo "2369"]
[BlackElo "2403"]
[Result "1-0"]
[Round "09"]
[TimeControl "180+1"]
[Date "2021.05.25"]
[WhiteClock "0:00:57"]
[BlackClock "0:00:21"]

1. Nf3 Nf6 2. g3 d5 3. Bg2 Bf5 4. O-O e6 5. d3 c6 6. Nbd2 h6 7. Qe1 Be7 8. e4 Bh7 9. Qe2 O-O 10. b3 a5 11. a4 Na6 12. Bb2 Nb4 13. Ne1 dxe4 14. dxe4 Qb6 15. Nc4 Qc5 16. Nd3 Qa7 17. Nxb4 axb4 18. Rfd1 Rfd8 19. Ne5 Bc5 20. Nd3 Be7 21. Kh1 Qa5 22. f3 Rac8 23. Ne5 Ne8 24. Bf1 Bf6 25. Nc4 Qh5 26. e5 Be7 27. Kg2 b5 28. Nb6 Rb8 29. a5 Bc5 30. Nd7 Ba7 31. Nxb8 Rxb8 32. Rd7 Ra8 33. a6 Qf5 34. Rd2 Kf8 35. Qe1 Nc7 36. Bd3 1-0


[Site "https://www.chess.com"]

[Event "Titled Tuesday Blitz May 25 2021"]
[White "Praggnanandhaa R"]
[Black "Remizov, Yaroslav"]
[WhiteFideId "25059530"]
[BlackFideId "34134015"]
[WhiteElo "2555"]
[BlackElo "2367"]
[Result "1-0"]
[Round "09"]
[TimeControl "180+1"]
[Date "2021.05.25"]
[WhiteClock "0:00:07"]
[BlackClock "0:00:12"]

1. c4 Nf6 2. Nc3 e6 3. Nf3 d5 4. d4 c6 5. Bg5 h6 6. Bxf6 Qxf6 7. e3 g6 8. Be2 Bg7 9. O-O Qd8 10. Rc1 O-O 11. b4 Nd7 12. cxd5 cxd5 13. Nb5 Nb6 14. a4 Bd7 15. a5 Nc4 16. Bxc4 dxc4 17. Nd6 b5 18. axb6 Qxb6 19. Nxc4 Qxb4 20. Nfe5 Ba4 21. Qf3 Rac8 22. Rb1 Qe7 23. Rfc1 Rc7 24. Na5 Rxc1+ 25. Rxc1 Qa3 26. Rf1 Bxe5 27. Nc4 Bxh2+ 28. Kxh2 Qd3 29. Rc1 Qf5 30. Qxf5 gxf5 31. Na5 Bb5 32. Rc7 a6 33. Kg3 Kg7 34. Kf4 Kf6 35. g3 Rg8 36. f3 Ra8 37. e4 fxe4 38. fxe4 Rd8 39. Ke3 Rg8 40. Kf3 Ba4 41. Nb7 Bd1+ 42. Kf2 Ra8 43. Nd6 Bh5 44. Rc5 Bg6 45. Ra5 Ke7 46. e5 Bd3 47. Ke3 Bf1 48. Ra1 Bh3 49. Kf2 Bg4 50. Rb1 Ra7 51. Nc8+ 1-0


[Site "https://www.chess.com"]

[Event "Titled Tuesday Blitz May 25 2021"]
[White "Przybylski, Wojciech"]
[Black "Erdogdu, Mert"]
[WhiteFideId "1117599"]
[BlackFideId "6301495"]
[WhiteElo "2317"]
[BlackElo "2485"]
[Result "0-1"]
[Round "09"]
[TimeControl "180+1"]
[Date "2021.05.25"]
[WhiteClock "0:00:09"]
[BlackClock "0:00:13"]

1. e4 c5 2. Nf3 d6 3. d4 cxd4 4. Nxd4 Nf6 5. Nc3 a6 6. h3 e6 7. Be3 b5 8. a3 Bb7 9. Bd3 Nbd7 10. Qe2 Rc8 11. f3 Be7 12. O-O O-O 13. g4 Ne5 14. f4 Nc4 15. Bc1 Qb6 16. Qf2 d5 17. e5 Ne4 18. Nxe4 dxe4 19. Bxc4 Rxc4 20. c3 Rfc8 21. Be3 Qd8 22. g5 Ba8 23. Rad1 Qe8 24. Kh2 a5 25. Nb3 Bd8 26. Rde1 b4 27. axb4 axb4 28. Nd2 R4c6 29. Bd4 bxc3 30. bxc3 Ra6 31. Nxe4 Qc6 32. Re2 Be7 33. Rg1 Bb7 34. Nf6+ Bxf6 35. gxf6 g6 36. Qh4 Kh8 37. Qh6 Rg8 38. Qh4 Qc4 39. Rf2 Ra2 40. Qg3 Rga8 41. Rf1 Qxf1 42. f5 Qh1# 0-1


[Site "https://www.chess.com"]

[Event "Titled Tuesday Blitz May 25 2021"]
[White "Quintin Navarro, Alberto"]
[Black "Khusnutdinov, Rustam"]
[WhiteFideId "2292688"]
[BlackFideId "13701703"]
[WhiteElo "2577"]
[BlackElo "2844"]
[Result "1/2-1/2"]
[Round "09"]
[TimeControl "180+1"]
[Date "2021.05.25"]
[WhiteClock "0:00:11"]
[BlackClock "0:00:06"]

1. c4 e5 2. Nc3 Bb4 3. Nd5 Bc5 4. e3 Nf6 5. b4 Nxd5 6. bxc5 Nf6 7. Bb2 Qe7 8. Nf3 Nc6 9. Ba3 b6 10. Be2 O-O 11. O-O bxc5 12. d4 d6 13. dxc5 dxc5 14. Rb1 Bf5 15. Rb5 Rfd8 16. Qb3 Ne4 17. Bd3 Nd2 18. Nxd2 Rxd3 19. Qb2 Qd8 20. Nf3 Rd1 21. Qe2 Rxf1+ 22. Qxf1 Bd3 23. Qc1 f6 24. Rxc5 Ne7 25. Rb5 Be4 26. Rb2 Bxf3 27. gxf3 Nc6 28. Qd2 Qe8 29. Qd5+ Kh8 30. Rd2 Rd8 31. Qxc6 Qg6+ 32. Kf1 Qb1+ 33. Ke2 Rxd2+ 34. Kxd2 Qxa2+ 35. Ke1 Qa1+ 36. Ke2 Qa2+ 37. Kf1 Qb1+ 38. Kg2 Qg6+ 39. Kh3 Qh5+ 40. Kg3 Qg6+ 41. Kh3 Qh5+ 42. Kg2 Qg6+ 43. Kf1 Qb1+ 44. Kg2 Qg6+ 1/2-1/2


[Site "https://www.chess.com"]

[Event "Titled Tuesday Blitz May 25 2021"]
[White "Quparadze, Giga"]
[Black "Andreikin, Dmitry"]
[WhiteFideId "13602250"]
[BlackFideId "4158814"]
[WhiteElo "2658"]
[BlackElo "2782"]
[Result "1/2-1/2"]
[Round "09"]
[TimeControl "180+1"]
[Date "2021.05.25"]
[WhiteClock "0:00:30"]
[BlackClock "0:00:19"]

1. e4 e5 2. Nf3 Nc6 3. Bb5 Nf6 4. d3 Bc5 5. c3 O-O 6. O-O d6 7. h3 h6 8. Re1 Bb6 9. Nbd2 Ne7 10. Nc4 Ng6 11. Ba4 Be6 12. Nxb6 axb6 13. a3 d5 14. Bc2 dxe4 15. dxe4 Qxd1 16. Rxd1 Rfd8 17. Be3 Nd7 18. b4 f6 19. a4 Kf7 20. Rd2 Ke7 21. Rad1 Ndf8 22. Rxd8 Rxd8 23. Rxd8 Kxd8 24. Nd2 Nh8 25. h4 Nf7 26. g3 Nd6 27. f4 Nc4 28. Nxc4 Bxc4 29. f5 Nd7 30. g4 c6 31. g5 hxg5 32. hxg5 b5 33. axb5 cxb5 34. g6 Ke7 35. Kf2 b6 36. Ke1 Kd6 37. Kd2 Kc6 38. Bd3 Bb3 39. c4 bxc4 40. Bb1 Kd6 41. Kc3 Ke7 42. b5 Nc5 43. Kb4 Kd6 44. Kc3 Na4+ 45. Kb4 Nc5 46. Kc3 Na4+ 47. Kb4 Nc5 1/2-1/2


[Site "https://www.chess.com"]

[Event "Titled Tuesday Blitz May 25 2021"]
[White "Remolar Gallen, Jose"]
[Black "Mikhailovsky, Vladimir"]
[WhiteFideId "2215187"]
[BlackFideId "34105414"]
[WhiteElo "2203"]
[BlackElo "2308"]
[Result "1-0"]
[Round "09"]
[TimeControl "180+1"]
[Date "2021.05.25"]
[WhiteClock "0:00:08"]
[BlackClock "0:00:09"]

1. d4 e5 2. dxe5 d6 3. Nf3 Nc6 4. e4 Bg4 5. Bb5 Bxf3 6. Qxf3 dxe5 7. Nc3 Bd6 8. Be3 Ne7 9. Nd5 O-O 10. c3 Nxd5 11. exd5 Ne7 12. g4 f5 13. gxf5 Nxf5 14. Qe4 Nxe3 15. fxe3 Qg5 16. O-O-O Bc5 17. Rde1 Rf2 18. Rhg1 Qf6 19. Bd3 g6 20. Rg3 Rxh2 21. Reg1 Kh8 22. Rf1 Qe7 23. Rgf3 Re8 24. Rf7 Qg5 25. Rxc7 Bxe3+ 26. Kb1 Bb6 27. Rxb7 Qd2 28. Rxh7+ Rxh7 29. Qxg6 1-0


[Site "https://www.chess.com"]